 Dungeon Crawl Stone Soup version 0.21-a0-273-g0785366 (webtiles) character file.

10413 terra52 the Slicer (level 11, -6/89 HPs)
             Began as a Demonspawn Gladiator on Sept 16, 2017.
             Was an Initiate of Gozag.
             Mangled by a hornet (9 damage)
             ... while paralysed by a hornet
             ... on level 9 of the Dungeon.
             The game lasted 00:38:20 (10291 turns).

terra52 the Slicer (Demonspawn Gladiator)          Turns: 10291, Time: 00:38:21

Health: -6/89      AC: 16    Str: 20    XL:     11   Next: 35%
Magic:  12/12      EV:  2    Int: 10    God:    Gozag
Gold:   884        SH:  0    Dex: 15    Spells: 10/10 levels left

rFire    + . .     SeeInvis +   T - +2 dagger (speed)
rCold    + . .     Gourm    .   w - +0 buckler
rNeg     . . .     Faith    +   M - +3 ring mail of Olarr {-Tele rPois MR++ SInv}
rPois    +         Spirit   .   (helmet restricted)
rElec    +         Reflect  .   F - +0 cloak
rCorr    +         Harm     .   D - +0 pair of gloves
MR       ++...     NoTele   +   I - +0 pair of boots
Stlth    +.........             y - amulet of faith (curse)
HPRegen  0.24/turn              i - +3 ring of strength
MPRegen  0.13/turn              O - ring of teleportation (curse)

@: paralysed, resistant, flying
A: horns 2, slimy green scales 2, demonic guardian 1
a: Potion Petition, Call Merchant, Bribe Branch, Renounce Religion


You were on level 9 of the Dungeon.
You worshipped Gozag.
Gozag was pleased with you.
You were not hungry.

You visited 2 branches of the dungeon, and saw 11 of its levels.

You collected 1509 gold pieces.
You spent 558 gold pieces at shops.
You paid 67 gold pieces to Gozag.

Inventory:

Hand Weapons
 a - a +0 rapier
 r - a +0 blowgun
 L - a +4 dagger
 T - a +2 dagger of speed (weapon)
 U - a +0 dagger of speed
Missiles
 j - 13 poisoned needles
 o - 5 silver tomahawks (quivered)
Armour
 b - a +0 leather armour
 c - a +0 helmet
 e - a +0 ring mail
 w - a +0 buckler (worn)
 D - a +0 pair of gloves (worn)
 F - a +0 cloak (worn)
 I - a +0 pair of boots (worn)
 M - the +3 ring mail of Olarr (worn) {-Tele rPois MR++ SInv}
   (You bought it in a shop on level 7 of the Dungeon)

   It protects you from poison.
   It affects your resistance to hostile enchantments.
   It lets you see invisible.
   It prevents most forms of teleportation.
Jewellery
 i - a +3 ring of strength (left hand)
 y - a cursed amulet of faith (around neck)
 O - a cursed ring of teleportation (right hand)
Wands
 d - a wand of flame (20/48)
 m - a wand of confusion (12/48)
 C - a wand of lightning (0/15)
 G - a wand of random effects (13/48)
 N - a wand of acid (0/15)
 W - a wand of flame (17/48)
Scrolls
 g - a scroll of random uselessness {unknown}
 h - 2 scrolls of teleportation
 k - a scroll of identify
 l - a scroll of recharging {unknown}
 n - 2 scrolls of enchant weapon {unknown}
 t - 2 scrolls of amnesia {unknown}
 v - 4 scrolls of remove curse {unknown}
 x - a scroll of blinking {unknown}
 z - 2 scrolls of magic mapping {unknown}
 E - 3 scrolls of enchant armour {unknown}
 K - a scroll of fear {unknown}
Potions
 p - 3 potions of curing
 q - a potion of cancellation
 s - 3 potions of magic {unknown}
 u - 2 potions of degeneration
 A - a potion of invisibility {unknown}
 B - 5 potions of lignification
 H - 3 potions of heal wounds {unknown}
 J - a potion of flight {unknown}
Books
 P - a book of Power

   Spells                             Type                      Level
   a - Iskenderun's Battlesphere      Conjuration/Charms           5
   b - Venom Bolt                     Conjuration/Poison           5
   c - Bolt of Magma                  Conjuration/Fire/Earth       5
   d - Iron Shot                      Conjuration/Earth            6
   e - Orb of Destruction             Conjuration                  7
   f - Spellforged Servitor           Conjuration/Summoning        7
 R - a book of Frost

   Spells                             Type                      Level
   a - Freeze                         Ice                          1
   b - Throw Frost                    Conjuration/Ice              2
   c - Ozocubu's Armour               Charms/Ice                   3
   d - Throw Icicle                   Conjuration/Ice              4
   e - Summon Ice Beast               Ice/Summoning                4
 V - the Grimoire of Hurtful Curses
   (You found it on level 10 of the Dungeon)

   Spells                             Type                      Level
   a - Conjure Flame                  Conjuration/Fire             3
   b - Cause Fear                     Hexes                        4
   c - Darkness                       Hexes                        6
   d - Orb of Destruction             Conjuration                  7
Comestibles
 f - 3 bread rations
 Q - a meat ration
 S - 12 royal jellies


   Skills:
 * Level 9.2 Fighting
 + Level 10.4 Short Blades
 - Level 2.5 Throwing
 + Level 6.5 Armour
 + Level 6.1 Dodging
 - Level 1.3 Stealth
 + Level 4.2 Shields
 + Level 2.0 Evocations


You had 10 spell levels left.
You didn't know any spells.

Dungeon Overview and Level Annotations

Branches:
Dungeon (10/15)            Temple (1/1) D:6             Orc (0/2) D:10
   Lair: D:8-11

Altars:
Ashenzari
Cheibriados
Dithmenos
Gozag
Hepliaklqana
Makhleb
Okawaru
Qazlal
Ru
Sif Muna
Vehumet
Xom
Zin
The Shining One

Shops:
D:6 (   D:7 [   D:10 (

Annotations:
D:9 2 transporters


Innate Abilities, Weirdness & Mutations

You have a pair of horns on your head.
You are mostly covered in slimy green scales. (AC +3)
A weak demonic guardian rushes to your aid.


Message History

[b] - 0 gold - heal wounds and curing [c] - 0 gold - resistance and agility Purchase which effect?
You feel protected.
You feel very buoyant.
You fly up into the air.
You feel much better.
You feel better. The hornet stings you!
You suddenly lose the ability to move!
The hornet stings you!
* * * LOW HITPOINT WARNING * * *
The two-headed ogre hits you with a giant club.
* * * LOW HITPOINT WARNING * * *
The two-headed ogre hits you but does no damage.
The hornet barely misses you.
The hornet stings you but does no damage.
The two-headed ogre hits you with a giant club.
* * * LOW HITPOINT WARNING * * *
The two-headed ogre hits you with a giant spiked club!
* * * LOW HITPOINT WARNING * * *
The hornet stings you!
You die...
Your body crumbles into a pile of gold.

##.# #..........'...+......
####.#######..........#####....[.
...........'..........# #......
#####.######..........# #######
#.## ######'##### # #..# #..# #
##.# #.## #
#####'#########'################
#........##...y@O.....##........
#........##...........##........
#.........#...........#.........
#.........#...........#.........
##.........#.....................
.'......................#........
##........#.............#........
#........##...........##########
#........##############


You could see a two-headed ogre and a hornet.

Vanquished Creatures
  3 two-headed ogres
  An orc high priest (D:10)
  2 unseen horrors
  A phantasmal warrior (D:10)
  Joseph (D:7)
  A queen bee (D:9)
  A hippogriff (D:8)
  Sigmund (D:4)
  3 yaks
  A hungry ghost (D:8)
  Purgy (D:4)
  3 sky beasts
  2 ice beasts
  2 ogres
  6 orc warriors
  2 phantoms (D:7)
  A necrophage (D:7)
  5 centaurs
  2 crocodiles (D:10)
  The ghost of mattiecakes the Shield-Bearer, an amateur VSFi (D:3)
  3 bullfrogs
  2 scorpions (D:10)
  28 killer bees
  5 wights (D:8)
  4 howler monkeys
  A centaur zombie (D:7)
  5 crimson imps
  3 bullfrog zombies
  A jelly (D:9)
  4 orc priests
  A centaur skeleton (D:10)
  5 hounds
  7 orc wizards
  4 bullfrog skeletons
  4 iguanas
  5 worker ants
  A worker ant zombie (D:8)
  A howler monkey skeleton (D:6)
  4 adders
  2 shadow imps
  4 oozes
  2 adder skeletons
  An adder zombie (D:7)
  2 worms
  3 dart slugs
  6 leopard geckos
  27 orcs
  5 bats
  3 giant cockroaches
  7 goblins
  8 hobgoblins
  9 jackals
  8 kobolds
  3 quokkas
  2 ball pythons
  4 frilled lizards
  A quokka skeleton (D:8)
  8 rats
233 creatures vanquished.

Vanquished Creatures (collateral kills)
  The ghost of Evilsethoss the Cudgeler, an amateur TrCK of Xom (D:4)
  A hippogriff (D:7)
  Menkaure (D:4)
  A sky beast (D:5)
  2 ogres (D:6)
  A phantom (D:4)
  2 killer bees (D:9)
  A howler monkey (D:4)
  An ooze (D:4)
  An orc (D:6)
  A jackal (D:7)
  A jackal skeleton (D:6)
14 creatures vanquished.

Vanquished Creatures (others)
  3 fungi (D:10)
  A plant (D:10)
4 creatures vanquished.

Grand Total: 251 creatures vanquished

Notes
Turn   | Place    | Note
-------+----------+-------------------------------------------
     0 | D:1      | terra52 the Demonspawn Gladiator began the quest for the Orb.
     0 | D:1      | Reached XP level 1. HP: 16/16 MP: 1/1
    66 | D:1      | Reached skill level 3 in Short Blades
   100 | D:1      | Gained mutation: You are partially covered in slimy green scales. (AC +2) [demonic ancestry]
   100 | D:1      | Reached XP level 2. HP: 20/22 MP: 2/2
   487 | D:1      | Reached XP level 3. HP: 27/27 MP: 3/3
  1225 | D:2      | Found a burning altar of Makhleb.
  1231 | D:2      | Gained mutation: A weak demonic guardian rushes to your aid. [demonic ancestry]
  1231 | D:2      | Reached XP level 4. HP: 25/34 MP: 4/4
  1404 | D:3      | Reached skill level 1 in Armour
  1427 | D:3      | Noticed mattiecakes's ghost (amateur VSFi)
  1427 | D:3      | Found a glowing golden altar of the Shining One.
  1440 | D:3      | Killed mattiecakes's ghost
  1440 | D:3      | Reached skill level 4 in Short Blades
  1440 | D:3      | Reached XP level 5. HP: 39/39 MP: 5/5
  2144 | D:4      | Noticed a phantom
  2184 | D:4      | Killed a phantom
  2216 | D:4      | Noticed Sigmund
  2229 | D:4      | Killed Sigmund
  2229 | D:4      | Reached skill level 5 in Short Blades
  2229 | D:4      | Reached XP level 6. HP: 35/47 MP: 6/6
  2239 | D:4      | Noticed Evilsethoss's ghost (amateur TrCK)
  2242 | D:4      | Noticed Menkaure
  2796 | D:5      | Entered Level 5 of the Dungeon
  3026 | D:5      | Reached skill level 1 in Stealth
  3035 | D:5      | Noticed a sky beast
  3049 | D:5      | Killed a sky beast
  3230 | D:4      | Reached XP level 7. HP: 49/53 MP: 7/7
  3294 | D:4      | Found a hazy altar of Hepliaklqana.
  3363 | D:4      | Killed Evilsethoss's ghost
  3363 | D:4      | Reached skill level 6 in Short Blades
  3464 | D:4      | Found a shimmering altar of Xom.
  3466 | D:4      | Found a radiant altar of Vehumet.
  3466 | D:4      | Found an iron altar of Okawaru.
  3467 | D:4      | Noticed Purgy
  3536 | D:4      | Killed Menkaure
  3702 | D:5      | Gained mutation: You are mostly covered in slimy green scales. (AC +3) [demonic ancestry]
  3702 | D:5      | Reached XP level 8. HP: 47/61 MP: 8/8
  3839 | D:4      | Killed Purgy
  4339 | D:5      | Found a snail-covered altar of Cheibriados.
  4534 | D:6      | Found a staircase to the Ecumenical Temple.
  4541 | Temple   | Entered the Ecumenical Temple
  4572 | Temple   | Became a worshipper of Gozag Ym Sagoz the Greedy
  4739 | D:6      | Reached skill level 5 in Fighting
  4739 | D:6      | Reached skill level 7 in Short Blades
  5056 | D:6      | Found Nen Beon's Antique Weapon Shoppe.
  5087 | D:6      | Reached skill level 1 in Shields
  5480 | D:6      | Found a stormy altar of Qazlal.
  5804 | D:7      | Noticed a hippogriff
  5819 | D:7      | Killed a hippogriff
  5819 | D:7      | Gained mutation: You have a pair of small horns on your head. [demonic ancestry]
  5819 | D:7      | Reached XP level 9. HP: 59/68 MP: 9/9
  5823 | D:7      | Found Hoixain's Armour Shoppe.
  6068 | D:7      | Found a sacrificial altar of Ru.
  6420 | D:7      | Noticed Joseph
  6443 | D:7      | Killed Joseph
  6443 | D:7      | Reached skill level 8 in Short Blades
  6566 | D:7      | Found a shadowy altar of Dithmenos.
  6773 | D:7      | Reached skill level 5 in Dodging
  7125 | D:8      | Reached skill level 5 in Armour
  7198 | D:7      | Bought the +3 ring mail of Olarr {-Tele rPois MR++ SInv} for 558 gold pieces
  7225 | D:8      | Noticed a two-headed ogre
  7283 | D:7      | Killed a two-headed ogre
  7329 | D:7      | Reached skill level 1 in Evocations
  7812 | D:8      | Reached XP level 10. HP: 76/77 MP: 10/10
  8004 | D:8      | Identified the +1 morningstar of Foabre {flame, rElec Dex+3} (You found it on level 8 of the Dungeon)
  8264 | D:9      | Noticed a two-headed ogre
  8265 | D:9      | Noticed a fire crab
  8266 | D:9      | Found a shattered altar of Ashenzari.
  8268 | D:9      | Found a transporter.
  8280 | D:9      | Reached skill level 9 in Short Blades
  8281 | D:9      | Found a transporter.
  8341 | D:9      | Noticed an unseen horror
  8355 | D:9      | Killed an unseen horror
  8435 | D:9      | Identified the +0 helmet of Follow the Leader {Str+3} (You found it on level 9 of the Dungeon)
  8811 | D:9      | Noticed a two-headed ogre
  8863 | D:10     | Entered Level 10 of the Dungeon
  9033 | D:9      | Reached skill level 10 in Short Blades
  9234 | D:10     | Found a staircase to the Orcish Mines.
  9248 | D:10     | Found Zechax's Weapon Shop.
  9458 | D:10     | Gained mutation: You have a pair of horns on your head. [demonic ancestry]
  9458 | D:10     | Reached XP level 11. HP: 86/87 MP: 12/12
  9475 | D:10     | Noticed an orc high priest
  9503 | D:10     | Killed an orc high priest
  9618 | D:10     | Identified the Grimoire of Hurtful Curses
  9693 | D:10     | Noticed a phantasmal warrior
  9716 | D:10     | Killed a phantasmal warrior
  9724 | D:10     | Noticed an unseen horror
  9743 | D:10     | Killed an unseen horror
  9745 | D:10     | Noticed a two-headed ogre
 10051 | D:9      | Killed a two-headed ogre
 10208 | D:9      | Noticed a two-headed ogre
 10227 | D:9      | Killed a two-headed ogre
 10289 | D:9      | Paralysed by a hornet for 3 turns
 10291 | D:9      | HP: 3/89 [two-headed ogre/giant club (12)]
 10291 | D:9      | Mangled by a hornet

Vault maps used:
D:1:      onia_arrival_handbag, minmay_misc_feat_five, st_stairs_3,
          minmay_stone_trees_small
D:2:      makhleb_blood_cavern_becter
D:3:      tso_oasis_becter
D:4:      nicolae_overflow_hidden_temple, kennysheep_mini_moat, uniq_sigmund,
          uniq_menkaure, uniq_purgy
D:5:      first_bread, basic_altar
D:6:      nicolae_qazlal_general_emergency, minmay_temple_entry_glass,
          serial_shops, nicolae_shop_window_shopping, kennysheep_generic_room_3
D:7:      marbit_many_paths, nicolae_overflow_crystal_walls, serial_shops,
          nicolae_shop_trees, hangedman_abyss_or_decor_jellyfish_corner,
          uniq_joseph
D:9:      gammafunk_temple_overflow_arena
D:10:     minmay_chopped_fan, minmay_lair_entry_grove, orc_david_3,
          serial_shops, shop
Temple:   nicolae_temple_god_jail

Skill      XL: |  1  2  3  4  5  6  7  8  9 10 11 |
---------------+----------------------------------+-----
Short Blades   | 3 4 5 6 7 8 10 | 10.4
Dodging        | 3 4 5 6 |  6.1
Armour         | 1 2 4 5 6 |  6.5
Fighting       | 3 4 5 6 8 9 |  9.2
Stealth        | 1 |  1.3
Throwing       | 2 |  2.5
Shields        | 1 2 3 4 |  4.2
Evocations     | 1 2 |  2.0

Action                   |  1- 3 |  4- 6 |  7- 9 | 10-12 || total
-------------------------+-------+-------+-------+-------++-------
Melee: Rapier            |   122 |   133 |   484 |   265 ||  1004
       Headbutt          |       |       |    34 |   138 ||   172
       Dagger            |       |       |       |   293 ||   293
Throw: Throwing net      |       |     2 |     7 |       ||     9
       Tomahawk          |       |       |     1 |       ||     1
Invok: Potion Petition   |       |       |       |     1 ||     1
Evoke: Wand              |       |       |     6 |    18 ||    24
  Use: Potion            |       |     2 |     2 |       ||     4
       Scroll            |       |     3 |     2 |     4 ||     9
 Stab: Held in net/web   |       |       |     2 |       ||     2
       Distracted        |       |       |     7 |     5 ||    12
       Sleeping          |       |       |     1 |       ||     1
       Paralysed         |       |       |     2 |     1 ||     3
  Eat: Chunk             |     1 |     5 |     6 |       ||    12
       Fruit             |       |       |     3 |       ||     3
       Royal jelly       |       |       |     4 |     2 ||     6
       Bread ration      |       |       |       |     1 ||     1
Armor: Ring mail         |    51 |    36 |   163 |   108 ||   358
       Skin              |       |     1 |       |       ||     1
Dodge: Dodged            |    83 |    78 |   267 |   222 ||   650
Block: Buckler           |       |       |    80 |    66 ||   146

Table legend:
 A = Spawn XP
 B = Non-spawn XP
 C = Spawn XP percentage of total XP
 D = Spawn monster count
 E = Non-spawn monster count
 F = Spawn count percentage of total count
 G = Total turns spent on level
                    A         B        C        D         E        F      G
               +---------+---------+-------+---------+---------+-------+---------
         Total |       0 |   14876 |   0.0 |       0 |     247 |   0.0 | 10291
               +---------+---------+-------+---------+---------+-------+---------
           D:1 |       0 |      47 |   0.0 |       0 |      27 |   0.0 |   623
           D:2 |       0 |      88 |   0.0 |       0 |      14 |   0.0 |   719
           D:3 |       0 |     103 |   0.0 |       0 |      17 |   0.0 |  1299
           D:4 |       0 |     934 |   0.0 |       0 |      17 |   0.0 |   880
           D:5 |       0 |     572 |   0.0 |       0 |      22 |   0.0 |  1180
           D:6 |       0 |     720 |   0.0 |       0 |      19 |   0.0 |   839
           D:7 |       0 |    2365 |   0.0 |       0 |      26 |   0.0 |  1436
           D:8 |       0 |    1137 |   0.0 |       0 |      25 |   0.0 |  1004
           D:9 |       0 |    4943 |   0.0 |       0 |      41 |   0.0 |  1423
          D:10 |       0 |    3934 |   0.0 |       0 |      38 |   0.0 |   713
        Temple |       0 |      33 |   0.0 |       0 |       1 |   0.0 |   175
               +---------+---------+-------+---------+---------+-------+---------
